 Dungeon Crawl Stone Soup version 0.28-a0-312-gbced6e68ee (webtiles) character file.

Game seed: 8771471857337139052

113 Dirtsage the Changer (level 4, 0/30 HPs)
             Began as an Octopode Transmuter on Aug 30, 2021.
             Slain by a phantom (6 damage)
             ... on level 4 of the Dungeon.
             The game lasted 00:12:11 (3956 turns).

Dirtsage the Changer (Octopode Transmuter)          Turns: 3956, Time: 00:12:11

Health: 0/30       AC:  1    Str: 10    XL:     4   Next: 96%
Magic:  7/7        EV: 13    Int: 15    God:
Gold:   116        SH:  0    Dex: 12    Spells: 1/7 levels left

rFire   . . .      SeeInvis .     - Unarmed
rCold   . . .      Faith    .   (no shield)
rNeg    . . .      Spirit   .   (helmet currently unavailable)
rPois   .          Reflect  .   (no amulet)
rElec   .          Harm     .   Z - ring of wizardry
rCorr   +          Rampage  .   R - ring of resist corrosion
Will    .....                   (no ring)
Stlth   ++........              (no ring)
HPRegen 0.10/turn               (no ring)
MPRegen 0.10/turn               (no ring)
                                (no ring)
                                (no ring)

@: appendages (expiring)
A: tentacle spike 3, almost no armour, amphibious, 8 rings, camouflage 1,
gelatinous body 1, (nimble swimmer 1), tentacles
a: End Transformation


You were on level 4 of the Dungeon.
One of your tentacles had grown a beastly spike.
You visited 1 branch of the dungeon, and saw 4 of its levels.

You collected 116 gold pieces.


Innate Abilities, Weirdness & Mutations

One of your tentacles has grown a beastly spike.
You cannot wear most types of armour.
You are amphibious.
You can wear up to eight rings at the same time.
Your skin changes colour to match your surroundings (Stealth+).
Your rubbery body absorbs attacks. (AC +1, EV +1)
((You are camouflaged near water. (Stealth+)))
You have tentacles for arms and can constrict up to eight enemies at once.


   Skills:
 + Level 2.5 Fighting
 - Level 2.0 Dodging
 + Level 3.0 Unarmed Combat
 - Level 2.0 Spellcasting
 * Level 4.2 Transmutations


You had one spell level left.
You knew the following spells:

 Your Spells              Type           Power      Damage    Failure   Level
b - Beastly Appendage     Tmut           28%        N/A       1%          1
s - Spider Form           Tmut/Pois      3%         N/A       12%         3
w - Wereblood             Tmut           14%        N/A       2%          2

Your spell library contained the following spells:

 Spells                   Type           Power      Damage    Failure   Level
 Sublimation of Blood     Necr           0%         N/A       13%         2
 Ice Form                 Ice/Tmut       7%         N/A       34%         4
 Freezing Cloud           Conj/Ice/Air   0%         6-21      91%         5
 Simulacrum               Ice/Necr       0%         N/A       100%        6
 Summon Hydra             Summ           0%         N/A       100%        7
 Polar Vortex             Ice            0%         N/A       100%        9

Inventory:

Missiles
 c - 67 stones
Jewellery
 R - a ring of resist corrosion (right tentacle)
 Z - a ring of wizardry (left tentacle)
Wands
 i - a wand of iceblast (11)
Scrolls
 a - a scroll of summoning {unknown}
 b - 2 scrolls of identify {unknown}
 g - 2 scrolls of teleportation {unknown}
 j - a scroll of fear {unknown}
 k - a scroll of immolation {unknown}
Potions
 d - 2 potions of curing {unknown}
 e - a potion of brilliance {unknown}
 f - a potion of lignification {unknown}
 h - 4 potions of heal wounds {unknown}

Dungeon Overview and Level Annotations

Branches:
Dungeon (4/15)
 Temple: D:4-7

Altars:
Fedhas
Zin

Annotations:
D:3 2 runed translucent doors, Avack's ghost, amateur KoHu
D:4 Edmund; Pikel

##............ .............#
###..........#..
#.........#....# .!.
##....##........# #..#
#........#.#...). ... #......#
#.....#. #..
###.....###..##..#. ##..
##.@.........# #..#.
##.#...###.W.###...#### ##..#
#............##..#....#####..
.#..........#.#####...###.#
................$............
..........ยง....########......
#..............# #......
.........).......# #......
........#....###.... #......


You could see a phantom.


Message History

The phantom is moderately damaged.
The phantom closely misses you.
You tentacle-slap the phantom.
The phantom is moderately damaged.
The phantom hits you.
The phantom blinks!
You blink.
Found a yellow potion.
You tentacle-slap the phantom but do no damage.
Your tentacle spike misses the phantom.
Your tentacle-slap misses the phantom.
Your squeeze misses the phantom.
The phantom is moderately damaged.
The phantom barely misses you.
You tentacle-slap the phantom.
The phantom is heavily damaged.
The phantom hits you.
You closely miss the phantom.
The phantom is moderately damaged.
Your transformation is almost over.
The phantom hits you!
* * * LOW HITPOINT WARNING * * *
The phantom blinks!
You blink.
You are too injured to fight recklessly!
You are too injured to fight recklessly!
You tentacle-slap the phantom but do no damage.
You tentacle-slap the phantom, but do no damage.
Your squeeze misses the phantom.
The phantom is moderately damaged.
The phantom hits you!
* * * LOW HITPOINT WARNING * * *
The phantom blinks!
You blink.
The phantom hits you.
You die...

Skill      XL: |  1  2  3  4 |
---------------+-------------+-----
Transmutations | 3 4 |  4.2
Fighting       | 2 |  2.5
Dodging        | |  2.0
Unarmed Combat | |  3.0
Spellcasting   | |  2.0

Action                   |  1- 3 |  4- 6 || total
-------------------------+-------+-------++-------
Melee: Unarmed           |   105 |    93 ||   198
       Constrict         |    30 |    18 ||    48
       Tentacles         |    10 |    15 ||    25
       Kick              |     3 |    10 ||    13
       Punch             |     1 |     1 ||     2
Throw: Stone             |       |     1 ||     1
 Cast: Beastly Appendage |     5 |     7 ||    12
       Wereblood         |     2 |     3 ||     5
 Stab: Sleeping          |    10 |     2 ||    12
Armor: Skin              |    10 |     4 ||    14
Dodge: Dodged            |    59 |    54 ||   113

Levels and vault maps discovered:
D:1:      saegor_arrival_miasma, layout_loops_ring,
          ebering_ecumenical_altar_rust
D:2:      layout_basic, basic_altar, grunt_decor_one_mirror
D:3:      layout_basic, lemuel_coloured_pillars_altar,
          ebering_ghost_disaster_area, kennysheep_potato
D:4:      layout_rooms, minmay_temple_entry_offerings, grunt_decor_cap,
          hangedman_abyss_or_decor_stabs, uniq_pikel, uniq_edmund

Notes
Turn   | Place    | Note
-------+----------+-------------------------------------------
     0 | D:1      | Dirtsage the Octopode Transmuter began the quest for the
                  | Orb.
     0 | D:1      | Reached XP level 1. HP: 13/13 MP: 3/3
   302 | D:1      | Found a faded altar of an unknown god.
   393 | D:1      | Reached XP level 2. HP: 18/18 MP: 5/5
   396 | D:1      | Learned a level 2 spell: Wereblood
   871 | D:1      | Reached skill level 3 in Transmutations
  1142 | D:2      | Reached XP level 3. HP: 24/24 MP: 6/6
  1382 | D:2      | Reached skill level 2 in Fighting
  1516 | D:2      | Found a blossoming altar of Fedhas.
  1911 | D:2      | Reached XP level 4. HP: 29/29 MP: 7/7
  2585 | D:3      | Found a large runed translucent door.
  2586 | D:3      | Found a large runed translucent door.
  2587 | D:3      | Noticed Avack's ghost (amateur KoHu)
  2719 | D:3      | Learned a level 3 spell: Spider Form
  2756 | D:3      | Reached skill level 4 in Transmutations
  2912 | D:3      | Found a glowing silver altar of Zin.
  3048 | D:4      | Noticed Edmund
  3215 | D:4      | Noticed a phantom
  3274 | D:4      | HP: 2/30 [phantom (9)]
  3619 | D:4      | Noticed Pikel
  3619 | D:4      | Noticed a lemure
  3619 | D:4      | Noticed a lemure
  3619 | D:4      | Noticed a lemure
  3619 | D:4      | Noticed a lemure
  3630 | D:3      | Killed a lemure
  3956 | D:4      | Slain by a phantom

Vanquished Creatures
  A lemure (D:3)
  An adder (D:2)
  A worm (D:4)
  3 dart slugs
  5 orcs
  8 ball pythons
  8 bats
  5 endoplasms
  2 giant cockroaches
  13 goblins
  5 hobgoblins
  8 jackals
  2 kobolds
  5 quokkas
  4 frilled lizards
  9 rats
80 creatures vanquished.

Table legend: (Time is in decaauts)
 A = Elapsed time spent in this place.
 B = Non-inter-level travel time spent in this place.
 C = Inter-level travel time spent in this place.
 D = Time resting spent in this place.
 E = Time spent auto-exploring this place.
 F = Levels seen in this place.
 G = Mean time per level.
                   A        B        C        D        E       F      G
               +--------+--------+--------+--------+--------+-----+--------+
         Total |   3947 |   3821 |    126 |      0 |   3110 |   4 |  986.8 |
       Dungeon |   3947 |   3821 |    126 |      0 |   3110 |   4 |  986.8 |
               +--------+--------+--------+--------+--------+-----+--------+

Top non-repeatable levels by time:
     D:3: 1462 daAuts
     D:1: 1133 daAuts
     D:2: 1005 daAuts
     D:4: 345 daAuts

Table legend:
 A = Non-vault XP
 B = Vault XP
 C = Vault XP percentage of total XP
 D = Non-vault monster count
 E = Vault monster count
 F = Vault count percentage of total count
                 A         B        C        D         E       F
            +---------+---------+-------+---------+---------+-------
      Total |     158 |       4 |   2.5 |      77 |       2 |   2.5
            +---------+---------+-------+---------+---------+-------
        D:1 |      32 |       0 |   0.0 |      19 |       0 |   0.0
        D:2 |      57 |       0 |   0.0 |      25 |       0 |   0.0
        D:3 |      48 |       4 |   7.7 |      24 |       2 |   7.7
        D:4 |      21 |       0 |   0.0 |       9 |       0 |   0.0
            +---------+---------+-------+---------+---------+-------
